 Dungeon Crawl Stone Soup version 0.28.0-45-g0d030f2227 (webtiles) character file.

Game seed: 9758985847691199323

222 pkoi the Gusty (level 5, -1/38 HPs)
             Began as a Demigod Air Elementalist on Apr 11, 2022.
             Killed from afar by an orc wizard (4 damage)
             ... with a magic dart
             ... on level 4 of the Dungeon.
             The game lasted 00:05:34 (4927 turns).

pkoi the Gusty (Demigod Air Elementalist)           Turns: 4927, Time: 00:05:34

Health: -1/38      AC:  2    Str:  9    XL:     5   Next: 38%
Magic:  12/12      EV: 12    Int: 21    God:
Gold:   115        SH:  0    Dex: 14    Spells: 0/10 levels left

rFire   . . .      SeeInvis .   c - +3 flail
rCold   . . .      Faith    .   (no shield)
rNeg    . . .      Spirit   .   a - +0 robe
rPois   .          Reflect  .   (no helmet)
rElec   .          Harm     .   (no cloak)
rCorr   .          Rampage  .   (no gloves)
Will    .....                   (no boots)
Stlth   ++........              (no amulet)
HPRegen 0.12/turn               (no ring)
MPRegen 0.13/turn               (no ring)

@: no status effects
A: high MP 1, forlorn, divine attributes
a: no special abilities


You were on level 4 of the Dungeon.
You visited 1 branch of the dungeon, and saw 4 of its levels.

You collected 115 gold pieces.

Inventory:

Hand Weapons
 b - a +0 short sword
 c - a +3 flail (weapon)
Missiles
 k - 2 poisoned darts
Armour
 a - a +0 robe (worn)
Scrolls
 d - 4 scrolls of identify {unknown}
 e - a scroll of amnesia {unknown}
 f - a scroll of enchant weapon {unknown}
 j - a scroll of silence {unknown}
 l - a scroll of immolation {unknown}
Potions
 g - a potion of berserk rage {unknown}
 h - a potion of resistance {unknown}
 i - a potion of flight {unknown}
 m - 3 potions of curing {unknown}
 n - a potion of lignification {unknown}
 o - a potion of heal wounds {unknown}


   Skills:
 - Level 1.7 Dodging
 - Level 1.7 Stealth
 - Level 3.0 Spellcasting
 - Level 0.8 Conjurations
 + Level 5.2 Air Magic


You couldn't memorise any spells.
You knew the following spells:

 Your Spells              Type           Power      Damage    Failure   Level
a - Shock                 Conj/Air       60%        1d6       3%          1
b - Static Discharge      Conj/Air       15%        N/A       6%          2
c - Swiftness             Air            25%        N/A       4%          3
d - Airstrike             Air            12%        N/A       16%         4

Your spell library contained the following spells:

 Spells                   Type           Power      Damage    Failure   Level
 Corpse Rot               Necr/Air       28%        N/A       7%          2
 Poisonous Vapours        Pois/Air       28%        N/A       7%          2


Dungeon Overview and Level Annotations

Branches:
Dungeon (4/15)
 Temple: D:4-7

Annotations:
D:2 1 runed translucent door, Crazy Yiuf
D:4 3 runed translucent doors, Soldner's ghost, novice HOFi


Innate Abilities, Weirdness & Mutations

You have an increased reservoir of magic. (+10% MP)
You shall have no god before yourself.
Your divine heritage dramatically boosts your attributes as you level up.


Message History

You resist with some effort.
The orc wizard points at you and mumbles some strange words.
You resist with some effort.
You bump into the rock wall.
The orc wizard casts a spell.
The orc wizard flickers and vanishes!
Deactivating autopickup; reactivate with Ctrl-A.
You feel less confused. The quokka bites you.
The quokka bites you but does no damage.
The quokka bites you. The quokka closely misses you.
There is a stone staircase leading down here.
The quokka bites you.
The orc enters a dispersal trap!
The quokka blinks! x2
The orc blinks!
You blink.
The orc blinks!
The quokka enters a dispersal trap!
The orc blinks! x2; You blink.
The quokka blinks!
The orc hits you with a +0 short sword.
* * * LOW HITPOINT WARNING * * *
The quokka bites you.
* * * LOW HITPOINT WARNING * * *
Something hits you.
* * * LOW HITPOINT WARNING * * *
Something hits you.
* * * LOW HITPOINT WARNING * * *
The quokka barely misses you.
The quokka bites you but does no damage.
Something hits you.
* * * LOW HITPOINT WARNING * * *
You hear some strange, mumbled words.
A puff of flame appears from out of thin air!
The puff of flame hits you!
* * * LOW HITPOINT WARNING * * *
An orc wizard appears from thin air!
Reactivating autopickup.
The quokka bites you.
* * * LOW HITPOINT WARNING * * *
The orc wizard points at you and mumbles some strange words.
The magic dart hits you.
You die...

##.....####....#####
##.......##......###
...........o.......#
###................#
...........oo......#######
###^.....###.............#
....>....# #.......#####.#
....#....# #..r....# #.#
#.#....### #....@..# #.#
#.#.##.# #####'### #.#
#.#.##.# #.# #.# #.#.##.#
#.# #.# #.#.##.# #.# #.#
#.#.##.. ..# #.# ..#.####
### #.# ###.# #.# ###.#
#.#


You could see an orc wizard, 2 orcs and a quokka.

Vanquished Creatures
  A jelly (D:3)
  A bullfrog skeleton (D:4)
  A hound skeleton (D:4)
  4 gnolls
  5 adders
  An adder skeleton (D:4)
  A dart slug (D:2)
  5 bats
  4 endoplasms
  3 giant cockroaches (D:2)
  5 goblins
  10 hobgoblins
  4 jackals (D:3)
  A quokka (D:1)
  4 ball pythons
  3 frilled lizards
  5 kobolds
  5 rats
63 creatures vanquished.

Vanquished Creatures (others)
  A plant (D:2)
1 creature vanquished.

Grand Total: 64 creatures vanquished

Notes
Turn   | Place    | Note
-------+----------+-------------------------------------------
     0 | D:1      | pkoi the Demigod Air Elementalist began the quest for the
                  | Orb.
     0 | D:1      | Reached XP level 1. HP: 14/14 MP: 5/5
    53 | D:1      | Reached skill level 3 in Air Magic
    53 | D:1      | Reached XP level 2. HP: 20/20 MP: 1/7
   926 | D:1      | Reached XP level 3. HP: 26/26 MP: 3/8
   934 | D:1      | Learned a level 2 spell: Static Discharge
  1230 | D:2      | Reached skill level 4 in Air Magic
  1840 | D:2      | Found a runed translucent door.
  1841 | D:2      | Noticed Crazy Yiuf
  2066 | D:2      | HP: 1/26 [gnoll/+0 halberd (10)]
  2248 | D:3      | Reached XP level 4. HP: 19/33 MP: 1/10
  4052 | D:2      | Reached XP level 5. HP: 17/38 MP: 8/12
  4435 | D:4      | Learned a level 3 spell: Swiftness
  4440 | D:4      | Learned a level 4 spell: Airstrike
  4698 | D:4      | Reached skill level 5 in Air Magic
  4781 | D:4      | Found a runed translucent gate.
  4781 | D:4      | Found a runed translucent gate.
  4781 | D:4      | Found a runed translucent gate.
  4783 | D:4      | Noticed Soldner's ghost (novice HOFi)
  4927 | D:4      | Killed from afar by an orc wizard

Illustrated notes

Levels and vault maps discovered:
D:1:      minmay_arrival_plants_in_alcoves, layout_loops_ring
D:2:      layout_loops_corners, chequers_ecumenical_altar_lobes,
          uniq_crazy_yiuf_cottage
D:3:      layout_basic, nicolae_overflow_ecumenical_swirl
D:4:      layout_basic, minmay_temple_entry_poolview,
          gammafunk_ghost_nasty_kobolds

Skill      XL: |  1  2  3  4  5 |
---------------+----------------+-----
Air Magic      | 3 4 5 |  5.2
Spellcasting   | 2 3 |  3.0
Dodging        | |  1.7
Stealth        | |  1.7
Conjurations   | |  0.8

Action                   |  1- 3 |  4- 6 || total
-------------------------+-------+-------++-------
Melee: Flail             |     4 |    17 ||    21
 Cast: Shock             |    79 |    68 ||   147
Armor: Robe              |     2 |     7 ||     9
Dodge: Dodged            |     9 |    33 ||    42
